 Dungeon Crawl Stone Soup version 0.23.2-1-ga50397a6bc (webtiles) character file.

Game seed: 17127304133900790149

1548 Gargoyl the Chopper (level 8, 0/67 HPs)
             Began as a Centaur Abyssal Knight on May 8, 2019.
             Was a Priest of Lugonu.
             Slain by Pikel
             ... wielding a +1 whip of electrocution
              (4 damage)
             ... on level 7 of the Dungeon.
             The game lasted 00:08:47 (7140 turns).

Gargoyl the Chopper (Centaur Abyssal Knight)        Turns: 7140, Time: 00:08:48

Health: 0/67       AC: 20    Str: 14    XL:     8   Next: 57%
Magic:  11/11      EV:  6    Int: 11    God:    Lugonu [***...]
Gold:   443        SH:  0    Dex: 12    Spells: 7/7 levels left

rFire    . . .     SeeInvis .   a - +1 hand axe
rCold    . . .     Gourm    .   (no shield)
rNeg     + . .     Faith    .   y - +0 pearl dragon scales
rPois    .         Spirit   .   (no helmet)
rElec    .         Reflect  .   v - +0 cloak
rCorr    .         Harm     .   (no gloves)
MR       .....                  r - +0 centaur barding
Stlth    ..........             (no amulet)
HPRegen  0.21/turn              (no ring)
MPRegen  0.12/turn              (no ring)

@: very quick
A: large, hooves 3, molten scales 1, thin metallic scales 1, deformed body,
speed 2, tough skin 3
a: Depart the Abyss, Bend Space, Banish, Renounce Religion


You were on level 7 of the Dungeon.
You worshipped Lugonu.
Lugonu was most pleased with you.
You were hungry.

You visited 2 branches of the dungeon, and saw 8 of its levels.
You visited the Abyss 1 time.

You collected 443 gold pieces.

Inventory:

Hand Weapons
 a - a +1 hand axe (weapon)
 o - a +0 war axe
 w - a +0 war axe
Missiles
 u - 6 tomahawks (quivered)
Armour
 r - a +0 centaur barding (worn)
 v - a +0 cloak (worn)
 y - +0 pearl dragon scales (worn)
Wands
 h - a wand of polymorph (2)
 n - a wand of clouds (2)
 q - a wand of disintegration (6)
 s - a wand of iceblast (8)
Scrolls
 f - a scroll of identify
 l - 3 scrolls of teleportation
 t - a scroll of fog
 x - a scroll of fear
Potions
 b - 2 potions of brilliance
 d - a potion of invisibility
 e - 2 potions of curing
 g - 3 potions of flight
 i - a potion of cancellation
 j - a potion of might
 k - 3 potions of haste
 p - 3 potions of agility
Comestibles
 c - 12 rations
 m - 2 chunks of flesh


   Skills:
 + Level 4.5 Fighting
 + Level 5.2 Axes
 * Level 4.9 Armour
 * Level 3.3 Dodging
 * Level 4.6 Invocations


You had 7 spell levels left.
You didn't know any spells.
Your spell library was empty.

Dungeon Overview and Level Annotations

Branches:
Dungeon (7/15)             Temple (1/1) D:5

Altars:
Dithmenos
Okawaru
Sif Muna

Annotations:
D:7 Pikel


Innate Abilities, Weirdness & Mutations

You have hooves in place of feet.
Armour fits poorly on your strangely shaped body.
You cover ground very quickly.
You have extremely tough skin. (AC +3)
You are partially covered in molten scales. (AC +2)
You are partially covered in thin metallic scales. (AC +2)


Message History

The slave hits you but does no damage.
You barely miss the slave.
The slave is severely wounded.
The slave hits you but does no damage.
You closely miss the slave. You kick the slave.
You kill the slave!
That felt strangely unrewarding.
You barely miss something. Your kick misses something.
Something hits you but does no damage.
You are electrocuted!
You hit something but do no damage. You kick something.
Something hits you but does no damage.
You are electrocuted!
You are feeling hungry.
You miss something. Something hits you but does no damage.
You hit something. Your kick misses something.
Something hits you but does no damage.
You are electrocuted!!
* * * LOW HITPOINT WARNING * * *
You hit something. Something hits you but does no damage.
You are electrocuted!
* * * LOW HITPOINT WARNING * * *
You miss something. Something hits you.
You die...

..# #.# #.# #p#
..... #p# .....#
#p# .......## #[#
........# #@#
........# #.#
........###.#
.................#
..............####
..............#
.............##
.............#
.............#


You could see 3 slaves.

Vanquished Creatures
  Grinder (D:5)
  Sigmund (D:5)
  Edmund (D:5)
  An ice beast (D:6)
  A slave (D:7)
  2 centaurs
  4 bullfrogs (D:6)
  A scorpion (D:5)
  A centaur zombie (D:6)
  A hound (D:5)
  4 orc wizards
  2 orc priests (D:6)
  Crazy Yiuf (D:4)
  A bullfrog skeleton (D:5)
  An iguana (D:5)
  2 worker ants
  A howler monkey zombie (D:5)
  5 adders
  3 oozes
  An adder skeleton (D:6)
  2 worms (D:3)
  3 dart slugs
  5 leopard geckos
  24 orcs
  3 ball pythons
  3 giant cockroaches
  3 goblins
  6 hobgoblins
  3 quokkas
  11 bats
  3 frilled lizards
  4 kobolds
  4 rats (D:1)
  3 toadstools (D:1)
112 creatures vanquished.

Vanquished Creatures (others)
  An orc wizard (D:4)
  A toadstool (D:1)
2 creatures vanquished.

Grand Total: 114 creatures vanquished

Notes
Turn   | Place    | Note
-------+----------+-------------------------------------------
     0 | Abyss:1  | Gargoyl the Centaur Abyssal Knight began the quest for the
                  | Orb.
     0 | Abyss:1  | Reached XP level 1. HP: 19/19 MP: 2/2
     8 | Abyss:1  | Found a stormy altar of Qazlal.
    93 | Abyss:1  | Noticed a smoke demon
    96 | Abyss:1  | Gained mutation: You are partially covered in molten
                  | scales. (AC +2) [potion of mutation]
    96 | Abyss:1  | Gained mutation: You are partially covered in thin metallic
                  | scales. (AC +2) [potion of mutation]
    97 | D:1      | Escaped the Abyss
   338 | D:1      | Reached * piety under Lugonu
   338 | D:1      | Reached XP level 2. HP: 17/26 MP: 3/3
   617 | D:1      | Reached skill level 2 in Axes
   617 | D:1      | Reached skill level 1 in Dodging
  1088 | D:1      | Reached XP level 3. HP: 30/31 MP: 4/4
  2271 | D:3      | Reached XP level 4. HP: 26/38 MP: 5/5
  2683 | D:3      | Found an iron altar of Okawaru.
  2683 | D:3      | Found a shadowy altar of Dithmenos.
  2938 | D:3      | Reached ** piety under Lugonu
  3263 | D:4      | Found a deep blue altar of Sif Muna.
  3663 | D:4      | Reached XP level 5. HP: 43/45 MP: 7/7
  3749 | D:4      | Found a runed translucent door.
  3750 | D:4      | Noticed Crazy Yiuf
  4030 | D:4      | Killed Crazy Yiuf
  4228 | D:5      | Entered Level 5 of the Dungeon
  4243 | D:5      | Noticed a centaur
  4259 | D:5      | Killed a centaur
  4259 | D:5      | Reached skill level 3 in Axes
  4259 | D:5      | Reached XP level 6. HP: 27/52 MP: 8/8
  4470 | D:5      | Noticed Edmund
  4504 | D:5      | Killed Edmund
  4766 | D:5      | Found a staircase to the Ecumenical Temple.
  4778 | D:5      | Noticed Grinder
  4791 | Temple   | Entered the Ecumenical Temple
  4955 | D:5      | Killed Grinder
  4955 | D:5      | Reached skill level 4 in Axes
  4955 | D:5      | Reached XP level 7. HP: 59/59 MP: 9/9
  4969 | D:5      | Noticed Sigmund
  5003 | D:5      | Killed Sigmund
  5676 | D:6      | Reached XP level 8. HP: 28/66 MP: 11/11
  5873 | D:6      | Found a shadowy altar of Dithmenos.
  6215 | D:6      | Reached skill level 5 in Axes
  6564 | D:6      | Reached *** piety under Lugonu
  7118 | D:7      | Noticed Pikel
  7140 | D:7      | Slain by Pikel

Skill      XL: |  1  2  3  4  5  6  7  8 |
---------------+-------------------------+-----
Axes           | 2 3 4 5 |  5.2
Dodging        | 1 2 3 |  3.3
Armour         | 2 3 4 |  4.9
Invocations    | 3 4 |  4.6
Fighting       | 4 |  4.5

Action                   |  1- 3 |  4- 6 |  7- 9 || total
-------------------------+-------+-------+-------++-------
Melee: Hand axe          |   122 |   174 |   184 ||   480
       Kick              |    11 |    31 |    47 ||    89
       Unarmed           |       |       |    12 ||    12
Invok: Depart the Abyss  |     1 |       |       ||     1
Evoke: Wand              |       |     1 |       ||     1
  Use: Potion            |     3 |     3 |       ||     6
       Scroll            |     4 |     4 |     4 ||    12
  Eat: Chunk             |     2 |     8 |     6 ||    16
Armor: Leather armour    |    42 |       |       ||    42
       Ring mail         |    44 |       |       ||    44
       Scale mail        |     9 |   150 |    98 ||   257
       Pearl dragon scal |       |       |    46 ||    46
Dodge: Dodged            |    77 |    68 |    67 ||   212
